 Dungeon Crawl Stone Soup version 0.26.1-11-gd32895ea62 (webtiles) character file.

Game seed: 5984759766940643045

63 Zeld the Sneak (level 4, -1/45 HPs)
             Began as an Octopode Brigand on May 20, 2021.
             Succumbed to a goblin's poison
             ... on level 2 of the Dungeon.
             The game lasted 00:07:07 (1981 turns).

Zeld the Sneak (Octopode Brigand)                   Turns: 1981, Time: 00:07:07

Health: -1/45      AC: 22    Str: 11    XL:     4   Next: 10%
Magic:  4/4        EV:  2    Int: 13    God:
Gold:   105        SH:  0    Dex: 13    Spells: 3/3 levels left

rFire    . . .     SeeInvis .   a - +2 dagger
rCold    . . .     Faith    .   (no shield)
rNeg     + + +     Spirit   .   (helmet currently unavailable)
rPois    +         Reflect  .   (no amulet)
rElec    .         Harm     .   (no ring)
rCorr    .         Rampage  .   (no ring)
Will     .....     NoTele   +   (no ring)
Stlth    +++.......             (no ring)
HPRegen  0.15/turn              (no ring)
MPRegen  0.09/turn              (no ring)
                                (no ring)
                                (no ring)

@: lethally poisoned (-1 -> -19), tree-form
A: almost no armour, stealthy swim, (amphibious), 8 rings, (constrict 8)
a: no special abilities


You were on level 2 of the Dungeon.
You were a tree.
You visited 1 branch of the dungeon, and saw 2 of its levels.

You collected 105 gold pieces.

Inventory:

Hand Weapons
 a - a +2 dagger (weapon)
Missiles
 b - 8 poisoned darts (quivered)
 c - 2 curare-tipped darts
Jewellery
 e - a cursed amulet of inaccuracy {unknown}
 i - an uncursed amulet of reflection {unknown}
Scrolls
 g - 3 scrolls of amnesia {unknown}
 h - a scroll of noise {unknown}
 j - 2 scrolls of identify {unknown}
 k - 2 scrolls of remove curse {unknown}
Potions
 d - a potion of degeneration {unknown}
 f - a potion of berserk rage {unknown}
 l - a potion of lignification
 m - a potion of attraction {unknown}
 n - a potion of invisibility {unknown}


   Skills:
 + Level 2.4 Fighting
 * Level 2.9 Short Blades
 * Level 2.8 Throwing
 + Level 1.8 Dodging
 - Level 5.3 Stealth


You had 3 spell levels left.
You didn't know any spells.
Your spell library was empty.

Dungeon Overview and Level Annotations

Branches:
Dungeon (2/15)

Altars:


Innate Abilities, Weirdness & Mutations

You cannot wear most types of armour.
You are very stealthy in the water. (Stealth+)
((You are amphibious.))
You can wear up to eight rings at the same time.
((You can use your tentacles to constrict eight enemies at once.))
((Your skin changes colour to match your surroundings (Stealth+).))
((Your rubbery body absorbs attacks. (AC +1, EV +1)))


Message History

* * * LOW HITPOINT WARNING * * *
You feel sick.
* * * LOW HITPOINT WARNING * * *
You feel sick.
* * * LOW HITPOINT WARNING * * *
You feel sick.
* * * LOW HITPOINT WARNING * * *
You feel sick.
It was a potion of lignification.
You turn into a tree.
Your roots penetrate the ground.
* * * LOW HITPOINT WARNING * * *
You feel sick.
The goblin throws a poisoned dart.
The poisoned dart hits you!
You are more poisoned.
You cannot move.
You cannot move.
* * * LOW HITPOINT WARNING * * *
You feel sick.
* * * LOW HITPOINT WARNING * * *
You feel sick.
The goblin throws a poisoned dart.
The poisoned dart hits you!
You die...

.####.... .. ...... #.# ........
#.# ####..## #. ..# ........#
#.... ## #.##.# #[...... #.### .#
#.##.# #.#....# #.# .
#.##.###.#..#.#####.# ## #.
#.#...♣........>..#.#
###.##.##.#..####.........#.### .
...............................
..##...###.......................
#....#...#................†......
g..##.....g..######..............
...#.........# #..............
......#......# #..............
...#.(#......# #..............


You could see a goblin.

Vanquished Creatures
  2 adders (D:2)
  An ooze (D:1)
  2 leopard geckos
  6 bats (D:1)
  5 hobgoblins
  4 jackals (D:1)
  A quokka (D:2)
  A ball python (D:1)
  4 frilled lizards
  4 goblins
  5 kobolds
  3 rats
38 creatures vanquished.

Vanquished Creatures (others)
  A plant (D:1)
1 creature vanquished.

Grand Total: 39 creatures vanquished

Notes
Turn   | Place    | Note
-------+----------+-------------------------------------------
     0 | D:1      | Zeld the Octopode Brigand began the quest for the Orb.
     0 | D:1      | Reached XP level 1. HP: 14/14 MP: 1/1
    86 | D:1      | Reached XP level 2. HP: 19/19 MP: 2/2
   602 | D:1      | Reached XP level 3. HP: 15/24 MP: 3/3
  1947 | D:2      | Reached XP level 4. HP: 30/30 MP: 4/4
  1980 | D:2      | HP: 1/45 [poisoned by a goblin]
  1981 | D:2      | Succumbed to a goblin's poison

Illustrated notes

Levels and vault maps discovered:
D:1:      tarquinn_simple_flora_water_a, layout_basic, serial_bayou_pond_d
D:2:      layout_rooms, marbit_many_paths, chequers_serial_rivers_micro_a

Action                   |  1- 3 |  4- 6 || total
-------------------------+-------+-------++-------
Melee: Dagger            |    65 |     2 ||    67
       Constrict         |    13 |     1 ||    14
       Tentacles         |     6 |       ||     6
  Use: Potion            |       |     1 ||     1
 Stab: Sleeping          |    12 |       ||    12
Armor: Skin              |    10 |       ||    10
Dodge: Dodged            |    43 |     6 ||    49
